IL
IOWA CUBS @ RENO ACES
07/14/2045
 
TOP OF THE 1ST
Iowa Cubs batting - Pitching for Reno Aces : LHP Rene Eenkhoorn
Pitching: LHP Rene Eenkhoorn
Batting: RHB Andy Wasierski 0-0: Ball
1-0: Called Strike
1-1: Ball
2-1: Swinging Strike
2-2: Foul Ball, location: 2F
2-2: Strikes out swinging
Batting: SHB Tim Hone 0-0: Ball
1-0: Ball
2-0: DOUBLE (Line Drive, 7LS, EV 105.6 MPH)
Batting: LHB Barend van der Kamp 0-0: Ball
1-0: Ground out 6-3 (Groundball, 56, EV 88.8 MPH)
Batting: RHB Francisco Ramirez 0-0: Ball
1-0: Swinging Strike
1-1: Foul Ball, location: 2F
1-2: Ball
2-2: Strikes out looking
Top of the 1st over - 0 runs, 1 hit, 0 errors, 1 left on base; Iowa 0 - Reno 0
BOTTOM OF THE 1ST
Reno Aces batting - Pitching for Iowa Cubs : RHP Gabe Wagner
Pitching: RHP Gabe Wagner
Batting: RHB Scott Travis 0-0: Bunted foul
0-1: Called Strike
0-2: Ball
1-2: Ground out 6-3 (Groundball, 6, EV 86.2 MPH)
Batting: RHB Juan Espinoza 0-0: DOUBLE (Line Drive, 5D, EV 93.8 MPH)
Batting: RHB Andy Swaim 0-0: Called Strike
0-1: Ball
1-1: SINGLE (Groundball, 56D, EV 103.8 MPH) (infield hit)
Juan Espinoza to third
Batting: SHB Salvador Aragon 0-0: Called Strike
Andy Swaim steals 2nd base
0-1: Called Strike
0-2: Ball
1-2: Ball
2-2: Ball
3-2: 3-RUN HOME RUN (Flyball, 8LXD, EV 115.0 MPH), Distance : 436 ft
Batting: LHB Chris Escobar 0-0: Ball
1-0: Ball
2-0: Ball
3-0: Base on Balls
Pitching: RHP Josh Ready
Batting: RHB Alex Vasquez 0-0: DOUBLE (Line Drive, 78XD, EV 103.8 MPH)
Chris Escobar to third
Chris Escobar scores
Batting: LHB Ruben Rocha 0-0: Called Strike
0-1: Foul Ball, location: 2F
0-2: Strikes out looking
Batting: RHB Tai Joo 0-0: Ball
1-0: SINGLE (Line Drive, 8LS, EV 106.2 MPH)
Alex Vasquez to third
Batting: RHB Paul Van Gilder 0-0: Called Strike
0-1: Ball
1-1: Ball
2-1: Ball
3-1: Base on Balls
Tai Joo to second
Batting: RHB Scott Travis 0-0: Ball
1-0: Swinging Strike
1-1: SINGLE (Groundball, 5S, EV 67.5 MPH) (infield hit)
Alex Vasquez scores
Tai Joo to third
Paul Van Gilder to second
Batting: RHB Juan Espinoza 0-0: Called Strike
0-1: Ball
1-1: Ball
2-1: Ball
3-1: Base on Balls
Tai Joo scores
Paul Van Gilder to third
Scott Travis to second
Pitching: RHP Bryant Bradley
Batting: RHB Andy Swaim 0-0: Ball
1-0: Ball
2-0: Foul Ball, location: 2F
2-1: Ball
3-1: Base on Balls
Paul Van Gilder scores
Scott Travis to third
Juan Espinoza to second
Batting: SHB Salvador Aragon 0-0: Called Strike
0-1: GRAND SLAM HOME RUN (Flyball, 89XD, EV 113.8 MPH), Distance : 450 ft
Batting: LHB Chris Escobar 0-0: Swinging Strike
0-1: Ball
1-1: Ball
2-1: Foul Ball, location: 2F
2-2: Ball
3-2: Base on Balls
Batting: RHB Alex Vasquez 0-0: Ball
1-0: Swinging Strike
1-1: DOUBLE (Flyball, 89D, EV 105.6 MPH)
Chris Escobar to third
Batting: LHB Ruben Rocha 0-0: Called Strike
0-1: Ball
1-1: Foul Ball, location: 2F
1-2: DOUBLE (Flyball, 9D, EV 101.2 MPH)
Chris Escobar scores
Alex Vasquez scores
Pitching: RHP Heef Harted
Batting: RHB Tai Joo 0-0: Called Strike
0-1: Called Strike
0-2: Ball
1-2: Ball
2-2: Strikes out looking
Bottom of the 1st over - 13 runs, 9 hits, 0 errors, 1 left on base; Iowa 0 - Reno 13
TOP OF THE 2ND
Iowa Cubs batting - Pitching for Reno Aces : LHP Rene Eenkhoorn
Batting: LHB John Holst 0-0: Foul Ball, location: 2F
0-1: Foul Ball, location: 2F
0-2: Ball
1-2: Strikes out swinging
Batting: LHB John Criswell 0-0: Swinging Strike
0-1: Ball
1-1: Ball
2-1: Ball
3-1: Called Strike
3-2: Strikes out swinging
Batting: RHB Peter Croston 0-0: Called Strike
0-1: Called Strike
0-2: Ball
1-2: Strikes out swinging
Top of the 2nd over - 0 runs, 0 hits, 0 errors, 0 left on base; Iowa 0 - Reno 13
BOTTOM OF THE 2ND
Reno Aces batting - Pitching for Iowa Cubs : RHP Heef Harted
Batting: RHB Paul Van Gilder 0-0: Called Strike
0-1: Ball
1-1: Ball
2-1: Ball
3-1: Foul Ball, location: 2F
3-2: Strikes out looking
Batting: RHB Scott Travis 0-0: Ball
1-0: Foul Ball, location: 2F
1-1: Swinging Strike
1-2: Strikes out swinging
Batting: RHB Juan Espinoza 0-0: Ball
1-0: Swinging Strike
1-1: Ball
2-1: SOLO HOME RUN (Line Drive, 9LD, EV 96.9 MPH), Distance : 355 ft
Pitching: RHP Willie Ramos
Batting: RHB Andy Swaim 0-0: Ball
1-0: Ball
2-0: Ball
3-0: Called Strike
3-1: Base on Balls
Batting: SHB Salvador Aragon 0-0: Called Strike
0-1: Ball
1-1: Ball
2-1: Foul Ball, location: 2F
2-2: Ball
3-2: Fly out, F7 (Flyball, 7LS, EV 90.6 MPH)
Bottom of the 2nd over - 1 run, 1 hit, 0 errors, 1 left on base; Iowa 0 - Reno 14
TOP OF THE 3RD
Iowa Cubs batting - Pitching for Reno Aces : LHP Rene Eenkhoorn
Batting: SHB Nick Chandler 0-0: Ball
1-0: Called Strike
1-1: Ball
2-1: Foul Ball, location: 2F
2-2: Ball
3-2: Foul Ball, location: 2F
3-2: Strikes out swinging
Batting: SHB R.J. Vargas 0-0: Ball
1-0: Called Strike
1-1: Ball
2-1: Ball
3-1: Base on Balls
Batting: RHB Andy Wasierski 0-0: Called Strike
0-1: Foul Ball, location: 2F
0-2: Strikes out looking
Batting: SHB Tim Hone 0-0: Ball
1-0: Ball
2-0: Called Strike
2-1: Swinging Strike
2-2: Strikes out swinging
Top of the 3rd over - 0 runs, 0 hits, 0 errors, 1 left on base; Iowa 0 - Reno 14
BOTTOM OF THE 3RD
Reno Aces batting - Pitching for Iowa Cubs : RHP Willie Ramos
Batting: LHB Chris Escobar 0-0: Called Strike
0-1: Foul Ball, location: 2F
0-2: Fly out, F9 (Flyball, 9, EV 87.5 MPH)
Batting: RHB Alex Vasquez 0-0: Ball
1-0: Foul Ball, location: 2F
1-1: Ball
2-1: Foul Ball, location: 2F
2-2: Strikes out swinging
Pitching: RHP Heriberto Esquivel
Batting: LHB Ruben Rocha 0-0: Ball
1-0: SINGLE (Line Drive, 5D, EV 98.8 MPH)
Batting: RHB Tai Joo 0-0: Ball
1-0: Ball
2-0: Ball
3-0: Base on Balls
Ruben Rocha to second
Batting: RHB Paul Van Gilder 0-0: Ball
1-0: Ball
2-0: Ball
3-0: Base on Balls
Ruben Rocha to third
Tai Joo to second
Batting: RHB Scott Travis 0-0: Called Strike
0-1: Fly out, F9 (Flyball, 9S, EV 73.8 MPH)
Bottom of the 3rd over - 0 runs, 1 hit, 0 errors, 3 left on base; Iowa 0 - Reno 14
TOP OF THE 4TH
Iowa Cubs batting - Pitching for Reno Aces : LHP Rene Eenkhoorn
Batting: LHB Barend van der Kamp 0-0: SINGLE (Groundball, 4M, EV 101.2 MPH)
Batting: RHB Francisco Ramirez 0-0: Called Strike
0-1: Ball
1-1: Foul Ball, location: 2F
1-2: Ball
2-2: Foul Ball, location: 2F
2-2: Ball
3-2: Strikes out swinging
Barend van der Kamp steals 2nd base (no throw)
Batter strikes out.
Batting: LHB John Holst 0-0: Ball
1-0: Ground out 3-1 (Groundball, 34, EV 81.9 MPH)
Barend van der Kamp to third
Batting: LHB John Criswell 0-0: Ball
1-0: Called Strike
1-1: Ball
2-1: Ball
3-1: Foul Ball, location: 2F
3-2: Ground out 6-3 (Groundball, 6S, EV 83.1 MPH)
Top of the 4th over - 0 runs, 1 hit, 0 errors, 1 left on base; Iowa 0 - Reno 14
BOTTOM OF THE 4TH
Reno Aces batting - Pitching for Iowa Cubs : RHP Heriberto Esquivel
Batting: RHB Juan Espinoza 0-0: Called Strike
0-1: Foul Ball, location: 2F
0-2: Foul Ball, location: 2F
0-2: Fly out, F9 (Line Drive, 9S, EV 95.0 MPH)
Batting: RHB Andy Swaim 0-0: Ball
1-0: Ball
2-0: Ball
3-0: Base on Balls
Pitching: RHP Adam O'Hare
Batting: SHB Salvador Aragon 0-0: Ball
1-0: Ball
2-0: Grounds into double play, 1-6-3 (Groundball, 13S, EV 70.0 MPH)
Bottom of the 4th over - 0 runs, 0 hits, 0 errors, 0 left on base; Iowa 0 - Reno 14
TOP OF THE 5TH
Iowa Cubs batting - Pitching for Reno Aces : LHP Rene Eenkhoorn
Batting: RHB Peter Croston 0-0: Ball
1-0: Called Strike
1-1: Foul Ball, location: 2F
1-2: Strikes out looking
Batting: SHB Nick Chandler 0-0: Ball
1-0: Foul Ball, location: 2F
1-1: Called Strike
1-2: Foul Ball, location: 2F
1-2: Ball
2-2: Strikes out swinging
Batting: SHB R.J. Vargas 0-0: Ball
1-0: Ball
2-0: Swinging Strike
2-1: Called Strike
2-2: SINGLE (Groundball, 6MD, EV 95.0 MPH)
Batting: RHB Andy Wasierski 0-0: Ball
1-0: Ground out 5-3 (Groundball, 56S, EV 75.0 MPH)
Top of the 5th over - 0 runs, 1 hit, 0 errors, 1 left on base; Iowa 0 - Reno 14
BOTTOM OF THE 5TH
Reno Aces batting - Pitching for Iowa Cubs : RHP Adam O'Hare
Batting: LHB Chris Escobar 0-0: Ball
1-0: Ball
2-0: Ball
3-0: Called Strike
3-1: Base on Balls
Batting: RHB Alex Vasquez 0-0: Ball
1-0: Ball
2-0: Ball
3-0: Called Strike
3-1: Base on Balls
Chris Escobar to second
Batting: LHB Ruben Rocha 0-0: Ball
1-0: Foul Ball, location: 2F
1-1: 3-RUN HOME RUN (Flyball, 89XD, EV 113.1 MPH), Distance : 435 ft
Batting: RHB Tai Joo 0-0: Called Strike
0-1: Called Strike
0-2: Strikes out swinging
Pitching: LHP Chris Morgan
Batting: RHB Paul Van Gilder 0-0: Ball
1-0: Called Strike
1-1: Ball
2-1: Ball
3-1: Base on Balls
Batting: RHB Scott Travis 0-0: Foul Ball, location: 2F
0-1: SINGLE (Groundball, 56S, EV 75.0 MPH) (infield hit)
Paul Van Gilder to second
Batting: RHB Juan Espinoza 0-0: Ball
1-0: Ball
2-0: Ball
3-0: Base on Balls
Paul Van Gilder to third
Scott Travis to second
Batting: RHB Andy Swaim 0-0: Swinging Strike
0-1: Foul Ball, location: 2F
0-2: Ball
1-2: Ball
2-2: Foul Ball, location: 2F
2-2: Foul Ball, location: 2F
2-2: Ball
3-2: Foul Ball, location: 2F
3-2: Base on Balls
Paul Van Gilder scores
Scott Travis to third
Juan Espinoza to second
Batting: SHB Salvador Aragon 0-0: Called Strike
0-1: Ball
1-1: GRAND SLAM HOME RUN (Flyball, 9D, EV 99.4 MPH), Distance : 387 ft
Batting: LHB Chris Escobar 0-0: Swinging Strike
0-1: Foul Ball, location: 2F
0-2: Ball
1-2: Ball
2-2: Fly out, F6 (Line Drive, 6, EV 64.4 MPH)
Batting: RHB Alex Vasquez 0-0: SINGLE (Line Drive, 56D, EV 98.8 MPH)
Batting: LHB Ruben Rocha 0-0: Foul Ball, location: 2F
0-1: Ball
1-1: Fly out, F9 (Flyball, 9LS, EV 90.6 MPH)
Bottom of the 5th over - 8 runs, 4 hits, 0 errors, 1 left on base; Iowa 0 - Reno 22
TOP OF THE 6TH
Iowa Cubs batting - Pitching for Reno Aces : LHP Rene Eenkhoorn
Batting: SHB Tim Hone 0-0: Ball
1-0: Called Strike
1-1: Ground out 4-3 (Groundball, 4, EV 109.4 MPH)
Batting: LHB Barend van der Kamp 0-0: Fly out, F7 (Flyball, 7LD, EV 108.8 MPH)
Batting: RHB Francisco Ramirez 0-0: Called Strike
0-1: SINGLE (Groundball, 56D, EV 106.9 MPH)
Batting: LHB John Holst 0-0: Swinging Strike
0-1: Ball
1-1: Ball
2-1: SINGLE (Groundball, 6MD, EV 103.8 MPH)
Francisco Ramirez to second
Batting: LHB John Criswell 0-0: Called Strike
0-1: Ball
1-1: Fly out, F8 (Flyball, 8RD, EV 100.6 MPH)
Top of the 6th over - 0 runs, 2 hits, 0 errors, 2 left on base; Iowa 0 - Reno 22
BOTTOM OF THE 6TH
Reno Aces batting - Pitching for Iowa Cubs : LHP Chris Morgan
Batting: RHB Tai Joo 0-0: Swinging Strike
0-1: Ball
1-1: SINGLE (Flyball, 56D, EV 89.4 MPH)
Batting: RHB Paul Van Gilder 0-0: Foul Ball, location: 2F
0-1: Swinging Strike
0-2: Fly out, F5 (Line Drive, 5, EV 73.8 MPH)
Batting: RHB Scott Travis 0-0: Called Strike
0-1: 2-RUN HOME RUN (Flyball, 7LD, EV 93.8 MPH), Distance : 375 ft
Batting: RHB Juan Espinoza 0-0: Ground out 5-3 (Groundball, 56, EV 87.5 MPH)
Batting: RHB Andy Swaim 0-0: Ball
1-0: Ball
2-0: Ball
3-0: Called Strike
3-1: Foul Ball, location: 2F
3-2: Base on Balls
Batting: SHB Salvador Aragon 0-0: Ball
1-0: Ball
2-0: SINGLE (Flyball, 89S, EV 93.1 MPH)
Andy Swaim to second
Batting: LHB Chris Escobar 0-0: Called Strike
0-1: Ball
1-1: Ball
2-1: Ground out U3 (Groundball, 34S, EV 91.2 MPH)
Bottom of the 6th over - 2 runs, 3 hits, 0 errors, 2 left on base; Iowa 0 - Reno 24
TOP OF THE 7TH
Iowa Cubs batting - Pitching for Reno Aces : LHP Rene Eenkhoorn
Batting: RHB Peter Croston 0-0: Ball
1-0: Ball
2-0: Fly out, F7 (Line Drive, 7D, EV 92.5 MPH)
Batting: SHB Nick Chandler 0-0: Foul Ball, location: 2F
0-1: Swinging Strike
0-2: Strikes out swinging
Batting: SHB R.J. Vargas 0-0: Swinging Strike
0-1: Foul Ball, location: 2F
0-2: Ball
1-2: Ball
2-2: Ball
3-2: Strikes out swinging
Top of the 7th over - 0 runs, 0 hits, 0 errors, 0 left on base; Iowa 0 - Reno 24
BOTTOM OF THE 7TH
Reno Aces batting - Pitching for Iowa Cubs : LHP Chris Morgan
Pinch Hitting: SHB Nestor Ramirez 0-0: Foul Ball, location: 2F
0-1: SOLO HOME RUN (Flyball, 7LD, EV 96.9 MPH), Distance : 377 ft
Pinch Hitting: RHB Bill Morgan 0-0: Ball
1-0: Ball
2-0: Ball
3-0: Base on Balls
Batting: RHB Tai Joo 0-0: Ball
1-0: Called Strike
1-1: Hit by Pitch
Bill Morgan to second
Batting: RHB Paul Van Gilder 0-0: Ball
1-0: Fly out, F8 (Flyball, 8RD, EV 92.5 MPH)
Batting: RHB Scott Travis 0-0: Foul Ball, location: 2F
0-1: SINGLE (Groundball, 4MD, EV 96.9 MPH)
Bill Morgan to third
Tai Joo to second
Pinch Hitting: RHB Omar Arroyo 0-0: Ball
1-0: Hit by Pitch
Bill Morgan scores
Tai Joo to third
Scott Travis to second
Pinch Hitting: LHB Steve Reinhart 0-0: Foul Ball, location: 2F
0-1: Ball
Wild Pitch!
Tai Joo scores
Scott Travis to third
Omar Arroyo to second
1-1: Swinging Strike
1-2: Strikes out swinging
Batting: SHB Salvador Aragon 0-0: Ball
1-0: Foul Ball, location: 2F
1-1: SINGLE (Flyball, 9LS, EV 92.5 MPH)
Scott Travis scores
Omar Arroyo to third
Runner from 3rd tries for Home, SAFE, throw by RF to home
Salvador Aragon to second
Batting: LHB Chris Escobar 0-0: Ball
1-0: Called Strike
1-1: Fly out, F7 (Flyball, 7, EV 93.1 MPH)
Bottom of the 7th over - 5 runs, 3 hits, 0 errors, 1 left on base; Iowa 0 - Reno 29
TOP OF THE 8TH
Iowa Cubs batting - Pitching for Reno Aces : LHP Rene Eenkhoorn
Pitching: RHP Matt Doucet
Now at 1B: Nestor Ramirez
Now at SS: Steve Reinhart
Now in LF: Omar Arroyo
Now in RF: Bill Morgan
Batting: RHB Andy Wasierski 0-0: Foul Ball, location: 2F
0-1: Foul Ball, location: 2F
0-2: Strikes out swinging
Batting: SHB Tim Hone 0-0: Ground out 5-3 (Groundball, 56, EV 86.2 MPH)
Batting: LHB Barend van der Kamp 0-0: Called Strike
0-1: SINGLE (Groundball, 4, EV 100.0 MPH)
Batting: RHB Francisco Ramirez 0-0: Fielders Choice at 2nd, 6-4 (Groundball, 6D, EV 108.1 MPH)
Top of the 8th over - 0 runs, 1 hit, 0 errors, 1 left on base; Iowa 0 - Reno 29
BOTTOM OF THE 8TH
Reno Aces batting - Pitching for Iowa Cubs : LHP Chris Morgan
Batting: SHB Nestor Ramirez 0-0: Ground out 5-3 (Groundball, 5, EV 84.4 MPH)
Batting: RHB Bill Morgan 0-0: Ball
1-0: Called Strike
1-1: DOUBLE (Line Drive, 9LM, EV 103.8 MPH)
Batting: RHB Tai Joo 0-0: Fly out, F7 (Flyball, 7, EV 91.9 MPH)
Batting: RHB Paul Van Gilder 0-0: Ball
1-0: Ground out 6-3 (Groundball, 56, EV 103.1 MPH)
Bottom of the 8th over - 0 runs, 1 hit, 0 errors, 1 left on base; Iowa 0 - Reno 29
TOP OF THE 9TH
Iowa Cubs batting - Pitching for Reno Aces : RHP Matt Doucet
Batting: LHB John Holst 0-0: Ball
1-0: Ball
2-0: Swinging Strike
2-1: Swinging Strike
2-2: Strikes out swinging
Batting: LHB John Criswell 0-0: Ground out 4-3 (Groundball, 34, EV 86.2 MPH)
Batting: RHB Peter Croston 0-0: Ball
1-0: Foul Ball, location: 2F
1-1: Called Strike
1-2: Strikes out swinging
Top of the 9th over - 0 runs, 0 hits, 0 errors, 0 left on base; Iowa 0 - Reno 29
Wednesday, June 22nd , 2022 - OOTP Baseball 23.4 Build 64